 Dungeon Crawl Stone Soup version 0.27-a0-200-g8ba017916c (webtiles) character file.

Game seed: 3881143195726484501

112 gimp the Skirmisher (level 4, -1/40 HPs)
             Began as a Demigod Wanderer on Jan 29, 2021.
             Blown up by Ijyb (28 damage)
             ... with a mindburst bolt
             ... on level 3 of the Dungeon.
             The game lasted 00:05:15 (1913 turns).

gimp the Skirmisher (Demigod Wanderer)              Turns: 1913, Time: 00:05:15

Health: -1/40      AC:  5    Str: 20    XL:     4   Next: 38%
Magic:  6/6        EV: 10    Int: 14    God:
Gold:   116        SH:  0    Dex: 16    Spells: 3/3 levels left

rFire    . . .     SeeInvis .   a - +2 mace
rCold    . . .     Faith    .   (no shield)
rNeg     . . .     Spirit   .   c - +0 ring mail
rPois    .         Reflect  .   (no helmet)
rElec    .         Harm     .   (no cloak)
rCorr    .         Rampage  .   (no gloves)
Will     .....     Clarity  +   (no boots)
Stlth    ++........             b - amulet of magic regeneration
HPRegen  0.13/turn              (no ring)
MPRegen  0.35/turn              (no ring)

@: lethally poisoned (-1 -> -4), attractive
A: thin skeletal structure 1, clarity, high mp 1, wild magic 1
a: no special abilities


You were on level 3 of the Dungeon.
You visited 1 branch of the dungeon, and saw 3 of its levels.

You collected 116 gold pieces.

Inventory:

Hand Weapons
 a - a +2 mace (weapon)
Armour
 c - a +0 ring mail (worn)
Jewellery
 b - an amulet of magic regeneration (around neck)
Scrolls
 d - 5 scrolls of identify {unknown}
 e - a scroll of enchant weapon {unknown}
 g - 2 scrolls of remove curse {unknown}
 l - a scroll of immolation {unknown}
Potions
 h - a potion of curing
 j - a potion of might {unknown}
 k - a potion of heal wounds {unknown}


   Skills:
 + Level 4.0 Fighting
 * Level 3.3 Maces & Flails
 - Level 2.6 Armour
 - Level 1.7 Shields


You had 3 spell levels left.
You didn't know any spells.
Your spell library was empty.

Dungeon Overview and Level Annotations

Branches:
Dungeon (3/15)

Annotations:
D:3 Ijyb


Innate Abilities, Weirdness & Mutations

You have an increased reservoir of magic. (+10% MP)
You have a somewhat thin skeletal structure. (Dex +2, Stealth)
You possess an exceptional clarity of mind.
Your spells are a little harder to cast, but a little more powerful.


Message History

The goblin barely misses you. Ijyb completely misses you.
Unknown command.
You completely miss Ijyb. The goblin hits you with a +0 club.
Ijyb hits you but does no damage.
You are poisoned.
You take 3 damage, and have 34/40 hp.
It was a potion of attraction.
You feel attractive to monsters.
You feel sick.
Ijyb zaps a wand.
Your mind is blasted!
The goblin closely misses you.
You take 5 damage, and have 29/40 hp.
You closely miss Ijyb.
You feel sick. Ijyb closely misses you. The goblin hits you with a +0 club.
You take 2 damage, and have 27/40 hp.
You hit Ijyb but do no damage.
Ijyb grins evilly.
Ijyb zaps a wand.
You barely resist. The goblin closely misses you.
Ijyb zaps a wand.
Your mind is blasted!
Ouch! That really hurt!
You die...

... # ## ... .# ..# #..
..#. #.# #.###.... #.#
#8.....8#..#...# #.#
#.......#......# #.#
#8.....8#.g....#########.#
#.......#@# #..(........<.
#8...gg8#g#.##......####.#
#.....gg#g#.#######.# #.#
#8.....8#g..# ##.# #..
#....o..).### #..#####.
...........# #....(...
#########..# #..#####.
#..# #..# #. #..# #..# #.


You could see Ijyb and 3 goblins.

Vanquished Creatures
  A bullfrog zombie (D:3)
  3 adders
  An ooze (D:3)
  A worm (D:2)
  2 dart slugs (D:2)
  3 leopard geckos
  2 orcs (D:3)
  2 giant cockroaches
  7 goblins
  3 hobgoblins
  3 jackals (D:3)
  A kobold (D:1)
  4 bats
  A frilled lizard (D:1)
  4 rats
38 creatures vanquished.

Notes
Turn   | Place    | Note
-------+----------+-------------------------------------------
     0 | D:1      | gimp the Demigod Wanderer began the quest for the Orb.
     0 | D:1      | gimp set off with the following items: a +2 mace, a potion
                  | of curing, a +0 ring mail
     0 | D:1      | Reached XP level 1. HP: 18/18 MP: 3/3
    90 | D:1      | Reached skill level 3 in Fighting
   374 | D:1      | Reached XP level 2. HP: 26/26 MP: 4/4
  1182 | D:2      | Reached XP level 3. HP: 31/31 MP: 5/5
  1678 | D:3      | Reached XP level 4. HP: 26/40 MP: 6/6
  1809 | D:3      | Reached skill level 4 in Fighting
  1811 | D:3      | Found a hide-covered altar of Uskayaw.
  1894 | D:3      | Noticed Ijyb
  1909 | D:3      | Gained mutation: You possess an exceptional clarity of
                  | mind. [potion of mutation]
  1909 | D:3      | Gained mutation: Your spells are a little harder to cast,
                  | but a little more powerful. [potion of mutation]
  1909 | D:3      | Gained mutation: You have a somewhat thin skeletal
                  | structure. (Dex +2, Stealth) [potion of mutation]
  1913 | D:3      | Blown up by Ijyb

Illustrated notes

Levels and vault maps discovered:
D:1:      dpeg_arrival_triangle_fractal, layout_basic
D:2:      layout_loops_ring
D:3:      kennysheep_the_goblin_king, layout_loops_ring,
          overflow_temple_1_default, corexii_leaking_fountain

Skill      XL: |  1  2  3  4 |
---------------+-------------+-----
Fighting       | 3 4 |  4.0
Maces & Flails | 2 3 |  3.3
Armour         | |  2.6
Shields        | |  1.7

Action                   |  1- 3 |  4- 6 || total
-------------------------+-------+-------++-------
Melee: Mace              |    84 |    13 ||    97
  Use: Potion            |       |     2 ||     2
Armor: Ring mail         |    34 |     2 ||    36
Dodge: Dodged            |    44 |     8 ||    52

Table legend: (Time is in decaauts)
 A = Elapsed time spent in this place.
 B = Non-inter-level travel time spent in this place.
 C = Inter-level travel time spent in this place.
 D = Time resting spent in this place.
 E = Time spent auto-exploring this place.
 F = Levels seen in this place.
 G = Mean time per level.
                   A        B        C        D        E       F      G
               +--------+--------+--------+--------+--------+-----+--------+
         Total |   1938 |   1839 |     99 |      0 |   1558 |   3 |  646.0 |
       Dungeon |   1938 |   1839 |     99 |      0 |   1558 |   3 |  646.0 |
               +--------+--------+--------+--------+--------+-----+--------+

Top non-repeatable levels by time:
     D:1: 889 daAuts
     D:2: 705 daAuts
     D:3: 344 daAuts
